 Dungeon Crawl Stone Soup version 0.18-a0-917-g8a3da5b (webtiles) character file.

82 tof the Charmwright (level 4, -8/37 HPs)
             Began as a Draconian Skald on Dec 26, 2015.
             Mangled by a gnoll
             ... wielding a +0 halberd
              (9 damage)
             ... on level 2 of the Dungeon.
             The game lasted 00:10:16 (2331 turns).

tof the Charmwright (Draconian Skald)               Turns: 2331, Time: 00:10:16

Health: -8/37      AC:  5    Str: 14    XL:     4   Next: 21%
Magic:  0/8        EV: 12    Int: 14    God:
Gold:   44         SH:  0    Dex: 10    Spells: 2 memorised, 3 levels left

rFire  + . .     SeeInvis .     a - +0 spear
rCold  . . .     Gourm    .     (armour unavailable)
rNeg   . . .     Faith    .     (no shield)
rPois  .         Spirit   .     (helmet restricted)
rElec  .         Dismiss  .     (no cloak)
rCorr  .         Reflect  .     (no gloves)
SustAt .         Harm     .     (no boots)
MR     .....                    (no amulet)
Stlth  +.........               (no ring)
                                e - ring of protection from fire

@: very slightly contaminated, not resistant to hostile enchantments, very
unstealthy
A: unfitting armour, cold-blooded, AC +5
a: no special abilities


You were on level 2 of the Dungeon.
You were very hungry.

You visited 1 branch of the dungeon, and saw 2 of its levels.

You collected 44 gold pieces.

Inventory:

Hand Weapons
 a - a +0 spear (weapon)
Missiles
 h - 9 poisoned needles
Jewellery
 e - a ring of protection from fire (left hand)
Wands
 j - a wand of flame (38/48)
Scrolls
 c - a scroll of fog {unknown}
Potions
 d - a potion of magic {unknown}
 g - a potion of flight {unknown}
 i - a potion of curing {unknown}
Books
 b - a book of Battle

   Spells                             Type                      Level
   a - Infusion                       Charms                       1
   b - Shroud of Golubria             Charms/Translocation         2
   c - Song of Sleighing              Charms                       2
   d - Spectral Weapon                Hexes/Charms                 3
   e - Regeneration                   Charms/Necromancy            3


   Skills:
 + Level 2.8 Fighting
 + Level 2.4 Polearms
 + Level 1.9 Dodging
 + Level 2.6 Spellcasting
 + Level 3.3 Charms


You had 3 spell levels left.
You knew the following spells:

 Your Spells              Type           Power        Failure   Level  Hunger
a - Spectral Weapon       Hex/Chrm       #.......     38%         3    ###....
b - Shroud of Golubria    Chrm/Tloc      #.........   21%         2    ###....


Dungeon Overview and Level Annotations

Branches:
Dungeon (2/15)

Altars:


Innate Abilities, Weirdness & Mutations

Your plain brown scales are hard (AC +5).
Your body does not fit into most forms of armour.
You are cold-blooded and may be slowed by cold attacks.


Message History

Your spectral weapon barely misses the gnoll.
The gnoll completely misses you.
Attack whom?
Press: ? - help, Dir - move target cursor, f/p - gnoll
Aim: a gnoll, wielding a halberd (moderately wounded)
You could not reach far enough!
The gnoll barely misses you.
Attack whom?
Press: ? - help, Dir - move target cursor, f/p - gnoll
Aim: a gnoll, wielding a halberd (moderately wounded)
You reach to attack!
You hit the gnoll.
The gnoll is almost dead.
Your spectral weapon closely misses the gnoll.
The gnoll hits you from afar with a halberd!
* * * LOW HITPOINT WARNING * * *
You are too injured to fight recklessly!
Casting: Spectral Weapon
Confirm with . or Enter, or press ? or * to list all spells.
Space distorts slightly along a thin shroud covering your body.
The gnoll hits you from afar with a halberd!
You die...

##### ######...# ### #........#
##.###.####...#
##...##.#####.####
#..###.....#.#.........
#....@)(....#.###.###.
....#####g#####.# #.# #. ...#
#.# #.# #.###. #. #.# #.# #.#
#..... #.#.##.# ##'##
#.######.. #.#.##.# ##...##
#......... #.#.##.#
##.....##########.#
#.#.##.###.......## ##.##.#
####....#.##.........####...#.#


You could see a gnoll and a friendly spectral spear.

Vanquished Creatures
  2 adders (D:2)
  3 gnolls
  An adder zombie (D:2)
  A giant gecko (D:1)
  3 bats
  5 goblins (D:1)
  5 hobgoblins
  A giant cockroach (D:2)
  2 giant cockroach zombies (D:2)
  A giant newt (D:1)
  A jackal skeleton (D:2)
  10 kobolds
  A rat (D:1)
36 creatures vanquished.

Notes
Turn   | Place    | Note
--------------------------------------------------------------
     0 | D:1      | tof the Draconian Skald began the quest for the Orb.
     0 | D:1      | Reached XP level 1. HP: 17/17 MP: 3/3
   454 | D:1      | Reached XP level 2. HP: 12/25 MP: 0/5
   619 | D:1      | Reached skill level 3 in Charms
   926 | D:1      | Reached XP level 3. HP: 28/30 MP: 3/6
  1230 | D:1      | Learned a level 3 spell: Spectral Weapon
  1233 | D:1      | Learned a level 2 spell: Shroud of Golubria
  2287 | D:2      | Reached XP level 4. HP: 25/37 MP: 3/7
  2330 | D:2      | HP: 1/37 [gnoll/halberd (15)]
  2331 | D:2      | Mangled by a gnoll

Vault maps used:
D:1:      elethiomel_arrival_shortcut
D:2:      grunt_temple_overflow_diamond, serial_undead, serial_undead_e,
          serial_undead_a, serial_undead_c, serial_undead_b, serial_undead_a

Action                   |  1- 3 |  4- 6 || total
-------------------------+-------+-------++-------
Melee: Spear             |   129 |     7 ||   136
       Whip              |    11 |       ||    11
 Cast: Infusion          |     6 |       ||     6
       Spectral Weapon   |     4 |     1 ||     5
       Shroud of Golubri |     1 |     1 ||     2
  Use: Scroll            |     3 |       ||     3
  Eat: Bread ration      |     1 |       ||     1
